 Dungeon Crawl Stone Soup version 0.19.1-1-g22dce08 (webtiles) character file.

13426 kae the Basher (level 12, -18/97 HPs)
             Began as a Formicid Fighter on Jan 3, 2017.
             Was an Elder of Okawaru.
             Killed from afar by Fannar (40 damage)
             ... with a bolt of cold
             ... on level 2 of the Lair of Beasts.
             The game lasted 00:13:44 (14350 turns).

kae the Basher (Formicid Fighter)                  Turns: 14350, Time: 00:13:44

Health: -18/97     AC: 19    Str: 30    XL:     12   Next: 32%
Magic:  16/16      EV:  8    Int:  9    God:    Okawaru [****..]
Gold:   611        SH: 13    Dex: 15    Spells: 0 memorised, 11 levels left

rFire  + + +     SeeInvis +     q - +1 mace (holy)
rCold  x . .     Gourm    .     E - +0 plate armour of the Thunderstorm {rF++ Dex+5} (curse)
rNeg   . . .     Faith    .     c - +0 shield
rPois  .         Spirit   .     (helmet unavailable)
rElec  .         Reflect  .     l - +2 cloak
rCorr  .         Harm     .     y - +0 pair of gloves {Str+3}
MR     ++...                    (no boots)
Stlth  ..........               (no amulet)
                                L - ring of fire
                                B - +2 ring of strength

@: no status effects
A: permanent stasis, dig shafts and tunnels, four strong arms, antennae 3,
hooves 1, magic resistance 1
a: Dig, Shaft Self, Heroism, Renounce Religion


You were on level 2 of the Lair of Beasts.
You worshipped Okawaru.
Okawaru was greatly pleased with you.
You were very hungry.

You visited 3 branches of the dungeon, and saw 13 of its levels.

You collected 611 gold pieces.

Inventory:

Hand Weapons
 a - a +1 flail
 q - a +1 mace of holy wrath (weapon)
Missiles
 x - 4 throwing nets (quivered)
Armour
 b - a +1 scale mail
 c - a +0 shield (worn)
 l - a +2 cloak (worn)
 y - a +0 pair of gloves of strength (worn)
 E - the cursed +0 plate armour of the Thunderstorm (worn) {rF++ Dex+5}
   (You found it on level 9 of the Dungeon)

   It affects your dexterity (+5).
   It greatly protects you from fire.
   It has a curse placed upon it.
Jewellery
 p - an uncursed ring of ice
 u - an uncursed ring of flight
 B - a +2 ring of strength (left hand)
 L - a ring of fire (right hand)
 M - an uncursed ring of fire
Wands
 F - a wand of acid (9/15)
 G - a wand of slowing (20/48)
 H - a wand of paralysis (9/24)
 K - a wand of paralysis (11/24)
Scrolls
 e - a scroll of fog
 i - 4 scrolls of remove curse
 n - a scroll of amnesia
 t - 5 scrolls of recharging
 O - a scroll of fear
Potions
 d - 3 potions of might
 h - 2 potions of cure mutation
 j - 3 potions of flight
 k - 3 potions of curing
 m - a potion of mutation {unknown}
 o - 2 potions of agility
 s - 4 potions of lignification
 v - a potion of ambrosia {unknown}
 C - 2 potions of invisibility {unknown}
 I - a potion of brilliance {unknown}
 J - a potion of heal wounds {unknown}
Books
 g - a book of Minor Magic

   Spells                             Type                      Level
   a - Magic Dart                     Conjuration                  1
   b - Blink                          Translocation                2
   c - Call Imp                       Summoning                    2
   d - Repel Missiles                 Charms/Air                   2
   e - Slow                           Hexes                        2
   f - Conjure Flame                  Conjuration/Fire             3
   g - Mephitic Cloud                 Conjuration/Poison/Air       3
 A - a book of Cantrips

   Spells                             Type                      Level
   a - Confusing Touch                Hexes                        1
   b - Animate Skeleton               Necromancy                   1
   c - Summon Small Mammal            Summoning                    1
   d - Apportation                    Translocation                1
 N - a book of Flames

   Spells                             Type                      Level
   a - Flame Tongue                   Conjuration/Fire             1
   b - Throw Flame                    Conjuration/Fire             2
   c - Conjure Flame                  Conjuration/Fire             3
   d - Inner Flame                    Hexes/Fire                   3
   e - Sticky Flame                   Conjuration/Fire             4
   f - Fireball                       Conjuration/Fire             5
Comestibles
 f - 8 bread rations
 r - 7 meat rations
 w - 2 beef jerkies
 z - 2 slices of pizza


   Skills:
 + Level 9.7 Fighting
 * Level 11.6 Maces & Flails
 + Level 9.6 Armour
 + Level 10.3 Shields
 + Level 6.4 Invocations


You had 11 spell levels left.
You didn't know any spells.

Dungeon Overview and Level Annotations

Branches:
Dungeon (10/15)            Temple (1/1) D:7            Lair (2/6) D:10
  Swamp: Lair:2-4    Shoals: Lair:2-4     Snake: Lair:2-4    Spider: Lair:2-4
    Orc: D:9-12

Altars:
Ashenzari
Cheibriados
Dithmenos
Elyvilon
Fedhas
Gozag
Hepliaklqana
Kikubaaqudgha
Makhleb
Nemelex Xobeh
Okawaru
Qazlal
Ru
Sif Muna
Trog
Uskayaw
Vehumet
Xom
Yredelemnul
Zin
The Shining One

Annotations:
Lair:2 Fannar


Innate Abilities, Weirdness & Mutations

You are under a permanent stasis effect.
You can dig through walls and to a lower floor.
Your four strong arms can wield two-handed weapons with a shield.
You have a pair of large antennae on your head. (SInv)
You have large cloven feet.
You are resistant to hostile enchantments. (MR+)


Message History

You closely miss Fannar. You kick Fannar, but do no damage.
Fannar is severely wounded.
Fannar hits you but does no damage.
You sock Fannar! Your kick misses Fannar.
Fannar is almost dead.
You hit Fannar. You kick Fannar, but do no damage.
Fannar is almost dead.
You block Fannar's attack.
You hit Fannar.
Fannar is almost dead.
Fannar hits you with a quarterstaff of freezing.
* * * LOW HITPOINT WARNING * * *
Fannar freezes you.
* * * LOW HITPOINT WARNING * * *
Your plate armour of the Thunderstorm prevents you from hitting Fannar.
You kick Fannar, but do no damage.
Fannar is almost dead.
Fannar gestures at you while chanting. The bolt of cold hits you!
You feel a terrible chill!
You die...

#### ###### #... ##....#
#... ### #.....##
##...##e## #....#.##
#....#.#@# #####......P#
#.....#######.[..#.......
##...#..Y#.##....#.......
#...PY..e..#............
#.......##...........[..
#.........##............
#P........####...P.......
#........... ............
.......#....#.............


You could see Fannar.

Vanquished Creatures
  Nergalle (D:10)
  An unseen horror (D:9)
  A black mamba (Lair:1)
  A centaur zombie (D:10)
  A torpor snail (Lair:2)
  Psyche (D:10)
  3 spiny frogs
  2 komodo dragons (Lair:1)
  A merfolk (D:9)
  A polar bear (Lair:1)
  Prince Ribbit (D:7)
  3 hippogriffs
  2 dream sheep (Lair:2)
  3 wyverns
  8 yaks (D:10)
  A basilisk (Lair:2)
  Menkaure (D:5)
  5 water moccasins
  Duvessa (D:5)
  3 porcupines (Lair:1)
  2 orc warriors
  4 ice beasts
  A black bear (D:9)
  3 sky beasts
  6 necrophages
  2 phantoms (D:6)
  4 ogres
  3 centaurs
  4 crocodiles
  4 big kobolds
  Blork the orc (D:5)
  A wyvern zombie (D:5)
  7 bullfrogs
  A gnoll sergeant (D:5)
  Dowan (D:5)
  A wyvern skeleton (D:6)
  A scorpion (D:4)
  7 killer bees
  A crimson imp (D:8)
  2 bullfrog zombies
  2 jellies
  5 orc priests
  A centaur skeleton (D:9)
  4 hounds
  3 bullfrog skeletons
  3 iguanas
  8 orc wizards
  10 worker ants
  A killer bee zombie (D:6)
  2 worker ant zombies
  2 howler monkey skeletons
  10 gnolls
  13 adders
  3 shadow imps
  2 oozes
  2 adder skeletons
  4 worms
  2 dart slugs
  7 leopard geckos
  33 orcs
  6 ball pythons
  5 giant cockroaches
  10 goblins
  4 hobgoblins
  14 jackals
  38 kobolds
  6 quokkas
  8 bats
  3 frilled lizards
  6 rats
314 creatures vanquished.

Vanquished Creatures (others)
  A plant (Lair:2)
1 creature vanquished.

Grand Total: 315 creatures vanquished

Notes
Turn   | Place    | Note
-------+----------+-------------------------------------------
     0 | D:1      | kae the Formicid Fighter began the quest for the Orb.
     0 | D:1      | Reached XP level 1. HP: 18/18 MP: 1/1
    89 | D:1      | Reached XP level 2. HP: 24/24 MP: 2/2
   537 | D:1      | Reached XP level 3. HP: 29/29 MP: 3/3
  1079 | D:2      | Reached XP level 4. HP: 33/37 MP: 4/4
  1199 | D:2      | Reached skill level 3 in Maces & Flails
  1806 | D:3      | Gained mutation: You are resistant to hostile enchantments. (MR+) [potion of beneficial mutation]
  1807 | D:3      | Gained mutation: You have large cloven feet. [potion of beneficial mutation]
  1840 | D:3      | Reached XP level 5. HP: 42/42 MP: 5/5
  3130 | D:4      | Reached XP level 6. HP: 42/49 MP: 6/6
  3145 | D:4      | Noticed an ogre
  3238 | D:3      | You fall through a shaft for 2 floors!
  3238 | D:5      | Entered Level 5 of the Dungeon
  3238 | D:5      | Noticed a sky beast
  3747 | D:4      | Reached skill level 4 in Maces & Flails
  3983 | D:4      | Reached skill level 5 in Shields
  4435 | D:4      | Reached XP level 7. HP: 21/55 MP: 7/7
  4738 | D:5      | Reached skill level 5 in Fighting
  4864 | D:5      | Reached skill level 5 in Maces & Flails
  4925 | D:5      | Reached skill level 5 in Armour
  5065 | D:5      | Noticed Duvessa
  5066 | D:5      | Noticed Dowan
  5091 | D:5      | Killed Duvessa
  5091 | D:5      | Reached XP level 8. HP: 53/62 MP: 8/8
  5105 | D:5      | Killed Dowan
  5357 | D:5      | Noticed Menkaure
  5390 | D:5      | Killed Menkaure
  5390 | D:5      | Reached skill level 6 in Maces & Flails
  5419 | D:5      | Noticed Blork the orc
  5440 | D:5      | Killed Blork the orc
  6096 | D:6      | Reached XP level 9. HP: 33/69 MP: 9/9
  6375 | D:6      | Reached skill level 7 in Maces & Flails
  6877 | D:7      | Noticed Prince Ribbit
  7056 | D:7      | Found a staircase to the Ecumenical Temple.
  7076 | Temple   | Entered the Ecumenical Temple
  7181 | Temple   | Became a worshipper of Warmaster Okawaru
  7554 | D:7      | Reached skill level 8 in Maces & Flails
  7758 | D:7      | Reached * piety under Okawaru
  7804 | D:7      | Killed Prince Ribbit
  7804 | D:7      | Reached XP level 10. HP: 60/79 MP: 7/10
  8378 | D:8      | Reached skill level 1 in Invocations
  8428 | D:8      | Reached skill level 9 in Maces & Flails
  8783 | D:8      | Reached ** piety under Okawaru
  9582 | D:9      | Got a steaming plate armour
  9593 | D:9      | Identified the cursed +0 plate armour of the Thunderstorm {rF++ Dex+5} (You found it on level 9 of the Dungeon)
 10080 | D:9      | Noticed an unseen horror
 10126 | D:9      | Killed an unseen horror
 10126 | D:9      | Reached *** piety under Okawaru
 10126 | D:9      | Reached XP level 11. HP: 70/87 MP: 12/14
 10165 | D:10     | Entered Level 10 of the Dungeon
 10172 | D:10     | Noticed Psyche
 10176 | D:10     | Reached skill level 10 in Maces & Flails
 10186 | D:10     | Killed Psyche
 10551 | D:10     | Reached **** piety under Okawaru
 10802 | D:10     | Noticed Nergalle
 10819 | D:10     | Killed Nergalle
 10819 | D:10     | Reached skill level 5 in Invocations
 11027 | D:10     | Found a staircase to the Lair.
 11335 | Lair:1   | Entered Level 1 of the Lair of Beasts
 11638 | Lair:1   | Received a gift from Okawaru
 11830 | Lair:1   | Reached skill level 11 in Maces & Flails
 12792 | Lair:1   | Reached skill level 10 in Shields
 12792 | Lair:1   | Reached XP level 12. HP: 95/95 MP: 13/16
 13577 | Lair:2   | Reached ***** piety under Okawaru
 14243 | Lair:2   | Noticed Fannar
 14350 | Lair:2   | Killed from afar by Fannar

Skill      XL: |  1  2  3  4  5  6  7  8  9 10 11 12 |
---------------+-------------------------------------+-----
Shields        | 4 5 6 7 9 10 | 10.3
Fighting       | 4 5 6 7 8 9 |  9.7
Maces & Flails | 3 4 5 6 8 9 11 | 11.6
Armour         | 4 5 6 7 8 9 |  9.6
Invocations    | 4 5 6 |  6.4

Action                   |  1- 3 |  4- 6 |  7- 9 | 10-12 || total
-------------------------+-------+-------+-------+-------++-------
Melee: Flail             |    98 |   290 |       |       ||   388
       Kick              |       |    51 |   155 |   405 ||   611
       Mace              |       |       |   435 |   983 ||  1418
Throw: Throwing net      |       |       |     1 |       ||     1
Invok: Heroism           |       |       |     2 |    17 ||    19
 Abil: Dig               |       |     4 |     5 |    10 ||    19
       Shaft Self        |       |     1 |       |       ||     1
  Use: Scroll            |     4 |     5 |     4 |     8 ||    21
       Potion            |       |     2 |     1 |     3 ||     6
 Stab: Held in net/web   |       |       |     1 |       ||     1
  Eat: Chunk             |     1 |    11 |    12 |    22 ||    46
       Fruit             |       |       |       |     1 ||     1
Armor: Scale mail        |    52 |   118 |   127 |    59 ||   356
       Plate armour      |       |       |       |   323 ||   323
       Skin              |       |       |       |     9 ||     9
Dodge: Dodged            |    38 |    93 |   102 |   247 ||   480
Block: Shield            |    45 |   160 |   223 |   592 ||  1020
